[Event "*** Titled Tuesday Blitz"]
[Site "Chess.com"]
[Date "2020.11.24"]
[Round "11"]
[White "DishonorOnYourCow"]
[Black "Savagelittlemole"]
[Result "1/2-1/2"]
[WhiteElo "2456"]
[BlackElo "2557"]
[TimeControl "180+1"]
[EndTime "12:25:40 PST"]
[Termination "Game drawn by repetition"]

1. d4 Nf6 2. c4 c5 3. d5 e6 4.
Nc3 exd5 5. cxd5 d6 6. Nf3 g6 7. Nd2 Bg7 8. e4 O-O 9. Be2 a6 10. a4 Re8 11. O-O Nbd7 12. h3 b6 13. Qc2 Rb8 14.
Nc4 Ne5 15. Nxe5 Rxe5 16. Bf4 Re8 17. Bh2 Qe7 18. Rfe1 Nd7 19. Bf1 Be5 20. f4 Bd4+ 21.
Kh1 Qh4 22. Ne2 Bg7 23. Ng1 Nf6 24. Nf3 Qh6 25. Rad1 Bd7 26. e5 Nh5 27. e6 fxe6 28. dxe6 Bxe6 29. Rxe6 Rxe6 30. Bc4 Nxf4 31. Bxf4 Qxf4 32.
Bxe6+ Kh8 33. Qd2 Qxa4 34. Qxd6 Rf8 35. Ng5 h6 36. Nf7+ Kh7 37. Rf1 Re8 38. b3 Qb5 39. Bc4 Qb4 40. Qf4 Re1 41. Rxe1 Qxe1+ 42. Kh2 b5 43. Bd3 Qd1 44. Qg3 Qh5 45. Qd6 c4 46. bxc4 bxc4 47. Bxc4 Qf5 48. Qd5 Qf6 49. Nd8 Qf4+ 50.
g3 Qf2+ 51. Qg2 Qf6 52. Qe2 Qxd8 53. h4 Qf6 54. Bxa6 h5 55. Bd3 Kh6 56. Qe3+ Kh7 57. Qe2 Kh6 58. Qe3+ Kh7 59. Qe4 Kh6 60. Qe3+ 1/2-1/2

[Event "*** Titled Tuesday Blitz"]
[Site "Chess.com"]
[Date "2020.11.24"]
[Round "11"]
[White "Zhigalko_Sergei"]
[Black "XDPS"]
[Result "1-0"]
[WhiteElo "2887"]
[BlackElo "2704"]
[TimeControl "180+1"]
[EndTime "12:25:41 PST"]
[Termination "Zhigalko_Sergei won on time"]

1. e4 e5 2. Nf3 Nc6 3. Bc4 Bc5 4. b4 Bxb4 5. c3 Be7 6. d4 Na5 7. Bd3 d6 8. O-O Nf6 9. dxe5 dxe5 10. Nxe5 O-O 11.
Qe2 c6 12. Nd2 Qc7 13. Nef3 Re8 14. e5 Nd5 15. Ne4 Bg4 16. Bd2 b5 17. h3 Bh5 18.
Rfe1 Rad8 19. Rad1 a6 20. g4 Bg6 21. h4 h5 22.
Nfg5 Qxe5 23. gxh5 Bf5 24. Qf3 Nc4 25. Nxf7 Bxe4 26.
Bxe4 Qf6 27. Nxd8 Rxd8 28. Bg5 Qxf3 29. Bxf3 Bf6 30. Bxd5+ cxd5 31. Bxf6 gxf6 32. Re6 Kf7 33. Rxa6 Ne5 34. Kf1 Nf3 35. Rb6 Nxh4 36. Rxb5 Rc8 37.
Rd3 Nf5 38. Rbxd5 Ne7 39. Rd7 Ke6 40. R3d6+ Ke5 41. Rd3 Nf5 42. Ra7 Ke4 43. Rh3 Kf4 44. Ra5 Kg4 45. Rh2 Nd6 46. Rg2+ Kf4 47. Ra4+ Ke5 48.
Rg3 f5 49. Re3+ Kf6 50. Ra6 Rd8 51. Rd3 Ke5 52. Rdxd6 Rxd6 53. Rxd6 Kxd6 54. h6 1-0

[Event "*** Titled Tuesday Blitz"]
[Site "Chess.com"]
[Date "2020.11.24"]
[Round "11"]
[White "orestn"]
[Black "esskeettit"]
[Result "1-0"]
[WhiteElo "2310"]
[BlackElo "2439"]
[TimeControl "180+1"]
[EndTime "12:25:42 PST"]
[Termination "orestn won by resignation"]

1. e4 c5 2. Nf3 Nc6 3. d4 cxd4 4. Nxd4 g6 5. c4 Nf6 6. Nc3 d6 7. Bg5 Bg7 8. f3 Nxd4 9. Qxd4 O-O 10. Qd2 a5 11.
Rc1 a4 12. Be2 Qa5 13. Rc2 Be6 14. Nd5 Qxd2+ 15. Kxd2 Bxd5 16. cxd5 Rfc8 17. Rhc1 Rxc2+ 18. Rxc2 Rb8 19. Bb5 Ra8 20. Rc7 h6 21. Be3 Nh7 22.
Rxe7 Bxb2 23. Rxb7 Rc8 24. Bc6 a3 25. Bxh6 Nf6 26.
Be3 Be5 27. g3 Kg7 28. Ra7 Bb2 29. Kd3 Rb8 30. Rb7 Rd8 31. h4 Nh5 32. Bf2 Be5 33. f4 Bb2 34. Ke3 Nf6 35. Kf3 Ba1 36. g4 Bb2 37. g5 Nh5 38. Be3 Rc8 39. Bd2 Rd8 40. Bb4 Bc1 41. Ra7 Bxf4 42. Bxa3 Be5 43. Bb4 Nf4 44.
a4 Rh8 45. Rb7 Rxh4 46. a5 Rh3+ 47. Kf2 Nd3+ 48. Kg2 Rh2+ 49. Kf3 Rh3+ 50. Ke2 Nf4+ 51. Kd2 Rh2+ 52. Kc1 Nd3+ 53. Kd1 Bf4 54. a6 Nb2+ 55. Ke1 Nd3+ 56. Kf1 Rf2+ 57. Kg1 Bh2+ 58. Kh1 Be5 59. a7 Ne1 60. Bxe1 Rf1+ 61. Kg2 Rxe1 62. a8=Q Re2+ 63. Kf3 1-0

[Event "*** Titled Tuesday Blitz"]
[Site "Chess.com"]
[Date "2020.11.24"]
[Round "11"]
[White "machupichu10"]
[Black "UCantHandleDenker"]
[Result "1-0"]
[WhiteElo "2751"]
[BlackElo "2526"]
[TimeControl "180+1"]
[EndTime "12:25:43 PST"]
[Termination "machupichu10 won on time"]

1. d4 Nf6 2. Bf4 g6 3. e3 d6 4. h3 Bg7 5. c3 O-O 6. Nf3 c5 7. Nbd2 Nc6 8. Be2 cxd4 9. exd4 Be6 10. O-O Qb6 11. Qc2 Rfc8 12. Rfb1 Bf5 13. Qb3 Qxb3 14. axb3 Bxb1 15. Rxb1 Nd5 16. Bg5 Bf6 17. Bh6 Bg7 18. Bg5 h6 19. Bh4 a5 20. Bc4 Nb6 21. Bb5 g5 22. Bg3 a4 23. bxa4 Nxa4 24. Nc4 Na5 25. Nxd6 exd6 26. Bxa4 Bf8 27. Nd2 Nc4 28. Nxc4 Rxc4 29.
Bb3 Rc7 30. h4 Kg7 31. hxg5 hxg5 32. Kf1 b5 33. Bd5 Rb8 34. Ra1 Rb6 35. Ra8 Be7 36. Ke2 Bf6 37. Kd3 Be7 38. f3 Bf6 39. Be1 Be7 40. g4 Bf6 41. Bd2 Be7 42. Ke4 Rd7 43. Kf5 Rd8 44. Ra7 Re8 45. Bxg5 Kf8 46. Bh6+ Kg8 47.
Bf4 Rbb8 48. g5 Kg7 49. Bg3 b4 50. c4 b3 51. Bf2 Rbc8 52. f4 Rcd8 53. Be1 Rb8 54.
Ba5 Kf8 55. Bc3 Kg7 56. Bc6 Red8 57. Rxe7 Ra8 58. d5+ Kf8 59. Kf6 1-0

[Event "*** Titled Tuesday Blitz"]
[Site "Chess.com"]
[Date "2020.11.24"]
[Round "11"]
[White "WPWPWP-2015"]
[Black "VinzentSpitzl"]
[Result "0-1"]
[WhiteElo "2490"]
[BlackElo "2389"]
[TimeControl "180+1"]
[EndTime "12:25:43 PST"]
[Termination "VinzentSpitzl won by checkmate"]

1. e4 c5 2. Nf3 d6 3. d4 cxd4 4.
Nxd4 Nf6 5. Nc3 a6 6. Be3 e5 7.
Nb3 Be6 8. f3 h5 9. Qd2 Nbd7 10.
O-O-O Qc7 11. Nd5 Bxd5 12. exd5 g6 13. Kb1 Bg7 14. c4 a5 15. Bd3 a4 16. Na1 a3 17.
b3 O-O 18. Rc1 e4 19. fxe4 Nc5 20. Bd4 Rfe8 21. e5 dxe5 22. Bc3 e4 23. Bc2 e3 24. Qe2 Nfe4 25. Bxe4 Nxe4 26. Bxg7 Nd2+ 27. Kc2 Kxg7 28. Qd3 Rad8 29. Rhe1 Qb6 30. Qc3+ Kh7 31. Re2 Ne4 32. Qxe3 Qf6 33. Qf3 Qb2+ 34. Kd1 Qd4+ 35. Ke1 Qg1+ 36. Qf1 Qxh2 37. Qxf7+ Kh6 38. Kd1 Qg1+ 39.
Kc2 Qd4 40. Qf4+ g5 41. Qe3 Qb2+ 42. Kd1 Nc3+ 43. Rxc3 Rxe3 44. Rcxe3 Qxa1+ 45. Kd2 Qxa2+ 46. Ke1 Qb1+ 47. Kf2 Rg8 48. Re6+ Rg6 49. d6 Rxe6 50. Rxe6+ Kg7 51. Re7+ Kf8 52. Re2 Qf5+ 53. Kg3 Qf4+ 54. Kh3 Qh4# 0-1

[Event "*** Titled Tuesday Blitz"]
[Site "Chess.com"]
[Date "2020.11.24"]
[Round "11"]
[White "JoliyRoger"]
[Black "lefonghua"]
[Result "1-0"]
[WhiteElo "2382"]
[BlackElo "2480"]
[TimeControl "180+1"]
[EndTime "12:25:44 PST"]
[Termination "JoliyRoger won by resignation"]

1. Nf3 Nf6 2. c4 g6 3. d4 Bg7 4.
Nc3 O-O 5. e4 d6 6. h3 c5 7. d5 e6 8. Bd3 exd5 9. cxd5 a6 10. a4 Nbd7 11. O-O Nh5 12. Re1 Ne5 13. Be2 Nxf3+ 14. Bxf3 Qh4 15. Bg4 f5 16. exf5 Bxf5 17. Bxf5 Rxf5 18. Be3 Raf8 19. Qg4 Qd8 20. Rad1 Nf4 21.
Bxf4 Rxf4 22. Qe6+ Kh8 23. Ne4 Be5 24. g3 Rf3 25.
Kg2 R3f5 26. f4 Re8 27. fxe5 Rxe6 28. dxe6 Rxe5 29. Nxd6 Rxe1 30. Nf7+ Kg7 31. Rxd8 Rxe6 32. Nd6 Re2+ 33. Kf3 Rxb2 34. Rd7+ Kf6 35. Rxb7 Ra2 36. Ne4+ Ke5 37. Nxc5 Kd5 38. Rc7 a5 39. Rc8 Rc2 40.
Rd8+ Kc4 41. Ne4 Kb4 42. Rd4+ Ka3 43. h4 h5 44. Kf4 Rc6 45. Kg5 Kb3 46. Nf6 Rc3 47. Kf4 Rc6 48. Nd5 Rd6 49. Ke5 Rd8 50.
Rd3+ Kb2 51. Rd4 Kb3 52. Nb6 Rb8 53. Rd6 Re8+ 54. Kf6 Re3 55. Kxg6 Rxg3+ 56. Kxh5 Rg1 57. Kh6 Kb4 58. h5 Kc5 59. Rg6 Re1 60. Nd7+ Kb4 61.
Rg4+ Ka3 62. Nf6 Re6 63. Kg6 Rd6 64. h6 Rd8 65. h7 Rb8 66. Ng8 Rb6+ 67. Kh5 Rb1 68.
h8=Q Rh1+ 69. Rh4 Rxh4+ 70. Kxh4 Kxa4 1-0

[Event "*** Titled Tuesday Blitz"]
[Site "Chess.com"]
[Date "2020.11.24"]
[Round "11"]
[White "TST2014"]
[Black "AliKa2810"]
[Result "0-1"]
[WhiteElo "2514"]
[BlackElo "2610"]
[TimeControl "180+1"]
[EndTime "12:25:45 PST"]
[Termination "AliKa2810 won on time"]

1. d4 d5 2. c4 e6 3. Nc3 c6 4. e3 Bd6 5. Qc2 f5 6. f4 Nf6 7. Nf3 O-O 8. Be2 b6 9. O-O Bb7 10. b3 Nbd7 11. a4 Qe7 12. Qa2 Rac8 13. a5 Bb4 14. Ba3 bxa5 15. Ne5 c5 16. Na4 Nxe5 17. fxe5 Ne4 18. Bxb4 axb4 19. Nxc5 Nxc5 20. dxc5 a6 21.
cxd5 Qxc5 22. Bxa6 Ra8 23. Qe2 Rxa6 24. Rxa6 Bxa6 25.
Qxa6 Qxd5 26. Qc4 Qxe5 27. Qxb4 Rb8 28. Qd2 Rxb3 29. Qd8+ Kf7 30. Qd7+ Kf6 31. Qd8+ Kg6 32. Rf3 Rxe3 33. Qe8+ Kh6 34. Rxe3 Qxe3+ 35. Kf1 Qd3+ 36.
Kf2 Qd4+ 37. Kf1 Qc4+ 38. Kf2 Qf4+ 39. Kg1 Qe3+ 40. Kf1 f4 41. Qe7 Qd3+ 42. Kf2 Qd4+ 43. Kf1 Qe5 44. Qf7 Qf5 45. Qe7 Qg4 46. h3 Qf5 47.
Qe8 f3 48. Kf2 fxg2+ 49. Kxg2 Qg6+ 50. Qxg6+ Kxg6 51. Kf3 Kg5 52. Ke4 Kh4 53. Ke5 Kxh3 54. Kxe6 g5 55. Kf5 g4 56. Kf4 g3 57. Kf3 g2 58. Kf2 Kh2 0-1

[Event "*** Titled Tuesday Blitz"]
[Site "Chess.com"]
[Date "2020.11.24"]
[Round "11"]
[White "djano"]
[Black "IMAghasiyevKamal"]
[Result "0-1"]
[WhiteElo "2456"]
[BlackElo "2577"]
[TimeControl "180+1"]
[EndTime "12:25:45 PST"]
[Termination "IMAghasiyevKamal won on time"]

1. d4 d5 2. Nf3 Nf6 3. Bf4 e6 4. e3 Bd6 5. Bg3 c5 6. Nbd2 O-O 7. c3 Qc7 8. Bd3 Nbd7 9. Qe2 e5 10. dxe5 Nxe5 11.
Nxe5 Bxe5 12. Nf3 Bxg3 13. hxg3 h6 14. Rh4 Bg4 15. Qc2 Rfe8 16. Bf5 Bxf5 17. Qxf5 Qb6 18. O-O-O Rad8 19. g4 Qe6 20. Qxe6 Rxe6 21. Nd2 d4 22. exd4 cxd4 23. Nf3 Re2 24. g5 hxg5 25. Rhxd4 Rxd4 26. Rxd4 Rxf2 27. Nxg5 g6 28. Rd2 Rf5 29. Nf3 Kf8 30.
Kc2 Rf4 31. b4 b5 32. Rd6 Kg7 33. Ra6 Rg4 34. Ne1 Re4 35. Kd2 Re7 36. a4 Ne4+ 37. Kc2 bxa4 38. c4 Ng3 39. Kd2 Re2+ 40. Kd1 Rb2 41. b5 Rb4 42. Rxa7 Rxc4 43. b6 Rb4 44. b7 a3 45. Nc2 Rb1+ 46. Kd2 a2 47. Rxa2 Rxb7 48.
Ke3 Nf5+ 49. Kf2 Rd7 50. Ne3 Nd6 51. Rc2 Ne4+ 52. Kf3 Ng5+ 53. Kf4 Ne6+ 54. Kf3 Nd4+ 0-1

[Event "*** Titled Tuesday Blitz"]
[Site "Chess.com"]
[Date "2020.11.24"]
[Round "11"]
[White "SchieberSpieler"]
[Black "zverr1"]
[Result "1/2-1/2"]
[WhiteElo "2367"]
[BlackElo "2510"]
[TimeControl "180+1"]
[EndTime "12:25:47 PST"]
[Termination "Game drawn by repetition"]

1. Nf3 Nf6 2. c4 g6 3. d4 Bg7 4.
g3 O-O 5. Bg2 d6 6. O-O Nbd7 7.
Qc2 e5 8. Rd1 Re8 9. Nc3 c6 10.
e4 exd4 11. Nxd4 Nc5 12. Bf4 Qb6 13. Bxd6 Ncxe4 14. Nxe4 Nxe4 15. c5 Qb4 16. a3 Qa5 17.
Bxe4 Bg4 18. Bf3 h5 19. Bxg4 hxg4 20. b4 Qd8 21. Qd2 Qf6 22. Rac1 Re4 23. Nc2 Rae8 24.
Re1 Qf3 25. Rxe4 Rxe4 26. Re1 Bc3 27. Qc1 Bxe1 28. Nxe1 Qe2 29. Ng2 Rc4 30. Qf1 Qxf1+ 31. Kxf1 Rc1+ 32. Ke2 Ra1 33. Ne3 Ra2+ 34. Kd3 Rxa3+ 35.
Kc4 f5 36. Be5 Ra2 37. Nd1 Rd2 38. Nc3 Rxf2 39. b5 cxb5+ 40. Nxb5 Rxh2 41. Nd6 Rc2+ 42. Kd5 g5 43. Nxf5 a5 44. Nd6 a4 45. Nxb7 a3 46.
c6 a2 47. Nc5 Re2 48. Bf6 Kf7 49. Bc3 Rc2 50. c7 Rxc3 51. c8=Q Rxc5+ 52. Kxc5 a1=Q 53. Qxg4 Qe5+ 54. Kc4 Kf6 55. Kd3 Qf5+ 56. Qe4 Qb5+ 57. Ke3 Qe5 58. g4 Qg3+ 59. Qf3+ Qxf3+ 60. Kxf3 Ke5 61. Ke3 Kd5 62. Kd3 Ke5 63. Ke3 Kd5 64. Kd3 Ke5 65.
Ke3 1/2-1/2

[Event "*** Titled Tuesday Blitz"]
[Site "Chess.com"]
[Date "2020.11.24"]
[Round "11"]
[White "Mikasinski"]
[Black "TheCairnTerrier"]
[Result "1-0"]
[WhiteElo "2331"]
[BlackElo "2173"]
[TimeControl "180+1"]
[EndTime "12:25:48 PST"]
[Termination "Mikasinski won on time"]

1. e4 c5 2. Nf3 e6 3. d4 cxd4 4. Nxd4 Nf6 5. Nc3 d6 6. Be2 Be7 7. O-O O-O 8. Be3 Nc6 9. f4 Bd7 10. Qe1 Nxd4 11. Bxd4 Bc6 12. Bf3 g6 13. Rd1 Qa5 14. Nd5 Qd8 15. Nxe7+ Qxe7 16. Qh4 e5 17. Be3 Nd5 18. Qxe7 Nxe7 19. Rxd6 Nc8 20. Rd2 Re8 21. fxe5 Nb6 22. Bxb6 axb6 23. a3 Rxe5 24. Rd4 Rae8 25. Rb4 b5 26. h3 Rc5 27. c3 Rc4 28. Re1 f5 29. e5 Bxf3 30. gxf3 Rxb4 31. axb4 Kf7 32.
f4 Rd8 33. Kf2 Rd3 34. Re3 Rd2+ 35. Re2 Rd3 36. Kg2 Ke7 37. e6 Rd6 38. Re5 Rd2+ 39. Kf3 Rd3+ 40. Ke2 Rxh3 41. Rxb5 Rh2+ 42. Ke3 Kxe6 43.
Rb6+ Kd5 44. Rxb7 Kc4 45. Rc7+ Kb3 46. b5 Rxb2 47. b6 Ka4 48. b7 Ka5 49. Rxh7 Ka6 50. Kd4 Ka7 51. Ke5 Re2+ 52. Kf6 Rf2 53. Ke5 Re2+ 54.
Kd5 Re4 55. c4 Rxf4 56. c5 1-0

[Event "*** Titled Tuesday Blitz"]
[Site "Chess.com"]
[Date "2020.11.24"]
[Round "11"]
[White "SlavenPastar"]
[Black "HrvojeZagreb"]
[Result "1-0"]
[WhiteElo "2507"]
[BlackElo "2293"]
[TimeControl "180+1"]
[EndTime "12:25:49 PST"]
[Termination "SlavenPastar won by resignation"]

1. b3 d6 2. Bb2 e5 3. Nf3 f5 4. d3 Nf6 5. e3 Be7 6. Nbd2 O-O 7. g3 Nc6 8. Bg2 Qe8 9. Qe2 a5 10. c3 a4 11. b4 a3 12. Bc1 Qh5 13. Nb1 d5 14. b5 e4 15. bxc6 exf3 16. Bxf3 Qh3 17. cxb7 Bxb7 18. Nd2 Ng4 19. Nf1 Ne5 20. d4 Nxf3+ 21.
Qxf3 c6 22. Nd2 Ba6 23. Rg1 Bd3 24. Qg2 Qh5 25. f3 Rfe8 26. Nb3 c5 27. Bd2 c4 28. Nc1 Rab8 29. Nxd3 cxd3 30. Bc1 Rb5 31. Kf2 Reb8 32.
Rd1 Rb2+ 33. Rd2 Rc2 34. Ke1 Rbb2 35. Bxb2 axb2 36. Rb1 Rc1+ 37. Rd1 Ba3 38. Rxb2 Bxb2 39. Qxb2 Rxd1+ 40. Kxd1 Qxf3+ 41. Ke1 Qxe3+ 42. Kf1 h6 43. Qf2 Qc1+ 44. Qe1 Qxc3 45. Qe8+ Kh7 46. Qe5 Qc1+ 47. Kf2 Qg5 48. Ke1 d2+ 49. Kd1 f4 50. Qxg5 hxg5 51.
Kxd2 fxg3 52. hxg3 Kg6 53. Ke2 Kf5 54. Kf3 g4+ 55.
Ke3 Ke6 56. a3 g5 57. Kd3 Kd6 58. Kc3 Kc6 59. Kb4 Kb6 60. a4 Ka6 61. Kc5 Ka5 62.
Kxd5 Kxa4 63. Ke5 Kb5 64. Kf5 Kc6 65. Kxg4 Kd5 66. Kxg5 Kxd4 67. Kf6 Ke4 68. g4 1-0

[Event "*** Titled Tuesday Blitz"]
[Site "Chess.com"]
[Date "2020.11.24"]
[Round "11"]
[White "Dinamo3"]
[Black "Vladislav_Chizhikov"]
[Result "1/2-1/2"]
[WhiteElo "2422"]
[BlackElo "2519"]
[TimeControl "180+1"]
[EndTime "12:25:50 PST"]
[Termination "Game drawn by repetition"]

1. e4 e6 2. d3 d5 3. Nd2 Nf6 4. Ngf3 c5 5. g3 Nc6 6. Bg2 g6 7. O-O Bg7 8. c3 O-O 9. Re1 a5 10. e5 Ng4 11. d4 cxd4 12. cxd4 f6 13. h3 Nxf2 14. Kxf2 fxe5 15. dxe5 Qb6+ 16. Kf1 Nxe5 17. Nb3 Nxf3 18. Bxf3 e5 19. Kg2 Be6 20. Be3 Qb5 21.
Nc5 e4 22. Be2 Qe8 23. Nxe6 Qxe6 24. Bd4 Be5 25. Bg4 Qf6 26. Bxe5 Qxe5 27. Qd2 d4 28. Rac1 e3 29. Qe2 Rad8 30. Rf1 d3 31. Rxf8+ Kxf8 32. Qf3+ Kg8 33. Re1 e2 34. Qxb7 Qd5+ 35. Qxd5+ Rxd5 36. Bxe2 dxe2 37. Rxe2 Kf7 38. Kf3 Rd3+ 39. Kf2 Rd1 40. b3 Ra1 41. a4 Rb1 42. Re3 Rb2+ 43. Kf3 h5 44. Ke4 Ke6 45. h4 Rd2 46. Kf4+ Kf6 47.
Ke4 Ke6 48. Rd3 Re2+ 49. Kd4 Kd6 50. Kc4+ Kc6 51. Rf3 Re4+ 52. Kd3 Rg4 53. Ke3 Kc5 54. Kf2 Kb4 55. Ke2 Ka3 56. Kd2 Kb4 57. Kc2 Ka3 58. Rc3 Kb4 59. Kb2 Re4 60. Rc2 Rd4 61. Rc6 Rd2+ 62. Rc2 Rd4 63. Ka2 Rg4 64. Kb2 Rd4 1/2-1/2

[Event "*** Titled Tuesday Blitz"]
[Site "Chess.com"]
[Date "2020.11.24"]
[Round "11"]
[White "theblitzchamp"]
[Black "yourstrulyme"]
[Result "0-1"]
[WhiteElo "2590"]
[BlackElo "2503"]
[TimeControl "180+1"]
[EndTime "12:25:51 PST"]
[Termination "yourstrulyme won by checkmate"]

1. d4 Nf6 2. Bf4 e6 3. e3 d5 4. Nf3 Bd6 5. Nbd2 Bxf4 6. exf4 O-O 7. c3 c5 8. Bd3 cxd4 9. Nxd4 Nc6 10. N2f3 Bd7 11.
O-O Rc8 12. Re1 Na5 13. Ne5 Nc6 14. Re3 Nxd4 15. cxd4 Qb6 16. b3 Bb5 17. Rh3 Bxd3 18. Qxd3 Qc7 19. Re1 Qc2 20. a4 Qxd3 21. Rxd3 Rc2 22.
g4 Rfc8 23. f3 Ne8 24. Rde3 Nd6 25. R1e2 g6 26. Kf2 Rxe2+ 27. Rxe2 Rc3 28. Re3 Rc2+ 29. Re2 Rc3 30. Re3 Rc1 31. Nd7 Rd1 32. Rc3 Rxd4 33.
Kg3 Kg7 34. Rc7 Rd3 35. Nc5 Ne4+ 36. Nxe4 dxe4 37. Rxb7 Rxf3+ 38. Kg2 a5 39. b4 Rxf4 40. bxa5 e3 41. Rb3 Rxg4+ 42. Kf3 Rxa4 43. Rb5 Ra3 44. h4 h5 45. Rc5 f5 46. Rb5 Kf6 47.
Rc5 e5 48. Rc6+ Kg7 49. a6 e4+ 50. Kf4 e2 51. Rc1 Rxa6 52. Kg5 Ra7 53. Re1 Ra2 54. Rb1 Kf7 55. Rb7+ Ke6 56. Rb1 Rd2 57. Re1 Ke5 58. Kxg6 f4 59. Kxh5 f3 60. Ra1 f2 61. Ra5+ Kf4 62.
Ra8 e1=Q 63. Rf8+ Ke3 64. Kg6 f1=Q 65. h5 Qxf8 66. h6 Qg3+ 67. Kh7 Rd7# 0-1

[Event "*** Titled Tuesday Blitz"]
[Site "Chess.com"]
[Date "2020.11.24"]
[Round "11"]
[White "Beca95"]
[Black "PavelShkapenko"]
[Result "1-0"]
[WhiteElo "2916"]
[BlackElo "2691"]
[TimeControl "180+1"]
[EndTime "12:26:03 PST"]
[Termination "Beca95 won by resignation"]

1. d4 Nf6 2. c4 e6 3. Nc3 Bb4 4. Qc2 c5 5. dxc5 Bxc5 6. Nf3 Qb6 7. e3 Qc7 8. a3 b6 9. Be2 Bb7 10. b3 O-O 11. Bb2 Be7 12. g4 d5 13. g5 Ne4 14. Nxe4 dxe4 15. Nd4 Nd7 16. Nb5 Qc5 17.
h4 a6 18. Nc3 Qc6 19. O-O-O Nc5 20. Rhg1 Rad8 21. Rd4 a5 22. Kb1 a4 23. b4 Nb3 24. Rdd1 Rxd1+ 25. Rxd1 Rd8 26. Rxd8+ Bxd8 27. Nb5 Be7 28. Qc3 Bf8 29. Nd4 Nxd4 30. Qxd4 Qc7 31.
h5 Qh2 32. h6 e5 33. Qxb6 Qxf2 34. hxg7 Bxg7 35. Qxb7 Qxe2 36. Qa8+ Bf8 37. Qxe4 Qd1+ 38. Bc1 Qb3+ 39. Ka1 Qd1 40. Qb1 e4 41. Bb2 Qb3 42.
Qc1 Be7 43. c5 Bd8 44. c6 Bc7 45. Qc3 Qxc3 46. Bxc3 Kf8 47. b5 Ke7 48. Bd4 Kd6 49.
b6 Bxb6 50. Bxb6 Kxc6 51. Bd4 Kd5 52. Kb2 Ke6 53. Kc3 Kf5 54. Kb4 Kxg5 55. Kxa4 h5 56. Kb5 Kf5 57. Bb6 h4 58. Bc7 Kg4 59. a4 Kf3 60. a5 Kxe3 61. a6 f5 62. a7 f4 63. a8=Q f3 64. Qa3+ Ke2 65. Qb2+ Kf1 66. Bb6 Ke1 67. Be3 1-0

[Event "*** Titled Tuesday Blitz"]
[Site "Chess.com"]
[Date "2020.11.24"]
[Round "11"]
[White "ViktoriyaTarasova"]
[Black "margarita_2703"]
[Result "1/2-1/2"]
[WhiteElo "2302"]
[BlackElo "2409"]
[TimeControl "180+1"]
[EndTime "12:26:05 PST"]
[Termination "Game drawn by repetition"]

1. d4 d5 2. c4 c6 3. Nf3 Nf6 4.
Nc3 e6 5. Bg5 h6 6. Bxf6 Qxf6 7.
e3 g6 8. Bd3 Bg7 9. O-O O-O 10.
e4 dxe4 11. Nxe4 Qe7 12. c5 Nd7 13. Nd6 Nf6 14. Ne5 Ne8 15. Ndc4 Bd7 16. Qb3 Rb8 17. Rfe1 b5 18. Na5 Bxe5 19. Rxe5 Nc7 20. Qc2 Rfd8 21.
Nb3 Nd5 22. a3 b4 23. a4 Kg7 24. Rae1 Bc8 25. Bc4 Qf6 26. Bxd5 exd5 27. Qd2 Be6 28.
R1e3 Re8 29. h3 Qd8 30. Nc1 Qf6 31. b3 a5 32. Nd3 Bd7 33. Qe1 Be6 34. Kh2 Rb7 35.
f4 Rbe7 36. g4 Kg8 37. f5 gxf5 38. gxf5 Bxf5 39. Rxe7 Rxe7 40. Rxe7 Bxd3 41. Qg3+ Kf8 42. Re3 Be4 43. Qb8+ Kg7 44. Rg3+ Bg6 45. Qe5 Qxe5 46. dxe5 Kf8 47. Kg2 Ke7 48. Kf3 Ke6 49. Kf4 Bc2 50. Rg8 Bxb3 51. Re8+ Kd7 52. Rf8 Ke7 53. Ra8 Bxa4 54.
Rxa5 Bb5 55. Ra7+ Ke8 56. Kf5 b3 57. Ra1 Bc4 58. Kf6 d4 59. Rd1 d3 60. Rd2 h5 61.
h4 Kd7 62. Rb2 Ke8 63. Rd2 Kd7 64. Rb2 Ke8 65. Rd2 1/2-1/2

[Event "*** Titled Tuesday Blitz"]
[Site "Chess.com"]
[Date "2020.11.24"]
[Round "11"]
[White "Tpros"]
[Black "geordie_derraugh"]
[Result "0-1"]
[WhiteElo "2578"]
[BlackElo "2498"]
[TimeControl "180+1"]
[EndTime "12:26:06 PST"]
[Termination "geordie_derraugh won by checkmate"]

1. e4 c5 2. Nf3 e6 3. g3 Nf6 4. d3 Nc6 5. c3 d5 6. Nbd2 Be7 7. Bg2 O-O 8. O-O b6 9. Re1 Bb7 10. e5 Nd7 11. Nf1 Qc7 12. Bf4 d4 13. c4 g5 14.
Bxg5 Ndxe5 15. Bh6 Rfb8 16. Nxe5 Nxe5 17. Bxb7 Rxb7 18.
Bf4 Bd6 19. Bxe5 Bxe5 20. Qg4+ Bg7 21. Nd2 Kh8 22. Qh5 Qe7 23. Ne4 Rf8 24. Re2 Rbb8 25. Rae1 Rbe8 26. Ng5 h6 27. Ne4 f5 28. Nd2 Qf6 29. Nf3 Qf7 30. Qh3 Kg8 31. Nh4 e5 32. Qg2 Re6 33. Qf3 Qf6 34. b3 Kh8 35. Qd5 Rfe8 36.
Nf3 e4 37. dxe4 fxe4 38. Nh4 Re5 39. Qb7 R5e7 40. Qd5 d3 41. Re3 Re5 42. Qb7 R5e7 43. Qd5 Rf8 44. f4 exf3 45. Nxf3 Rxe3 46. Rxe3 Rd8 47.
Qe4 d2 48. Rd3 Rxd3 49. Qxd3 Qa1+ 50. Kg2 d1=Q 51. Qxd1 Qxd1 52. Nh4 Qe2+ 53. Kh3 Bd4 54. Nf5 Bg1 55. Kh4 Qxh2+ 56. Kg4 Qxa2 57. Ne7 Qxb3 58. Ng6+ Kg7 59. Nf4 Qxc4 60. Kf5 Qxf4+ 61. Kxf4 a5 62. Ke4 a4 63. Kd3 Bf2 64. Kc2 Bxg3 65. Kb2 h5 66.
Ka3 h4 67. Kxa4 h3 68. Kb5 h2 69. Kc6 h1=Q+ 70. Kb5 Qd5 71. Ka6 c4 72. Ka7 b5 73.
Ka6 b4 74. Ka7 b3 75. Ka6 b2 76. Ka7 b1=Q 77. Ka6 Qbb7# 0-1

[Event "*** Titled Tuesday Blitz"]
[Site "Chess.com"]
[Date "2020.11.24"]
[Round "11"]
[White "LiamVrolijk"]
[Black "Infernal_XaM"]
[Result "1-0"]
[WhiteElo "2823"]
[BlackElo "2847"]
[TimeControl "180+1"]
[EndTime "12:26:07 PST"]
[Termination "LiamVrolijk won by resignation"]

1. d4 d5 2. c4 c6 3. Nf3 Nf6 4. Nc3 dxc4 5. a4 Bg4 6. Ne5 Bh5 7. Nxc4 Na6 8. g3 Nb4 9. Qb3 e6 10. Be3 Nfd5 11. Bd2 Nb6 12. e3 Bf3 13. Rg1 a5 14.
Ne5 Bh5 15. Be2 Bxe2 16. Kxe2 Nd7 17. Nf3 Be7 18. Rac1 O-O 19. Ne4 Qb6 20. Bxb4 axb4 21. Nfd2 Qa6+ 22. Qd3 Qxa4 23. Nb3 Qa7 24. Ra1 Qb6 25. Qc4 g6 26. h4 Rxa1 27. Rxa1 e5 28. Nec5 Nxc5 29. dxc5 Qd8 30. Rd1 Qc8 31. Qxb4 b5 32.
Qe4 Qe6 33. Na5 Rc8 34. Nb7 f5 35. Qd3 Rb8 36. Qd7 Qxd7 37. Rxd7 Kf7 38. Na5 Rc8 39. b4 Ke6 40. Rd1 h5 41. f3 Rc7 42. e4 f4 43.
Kf2 fxg3+ 44. Kxg3 Rd7 45. Rb1 Rc7 46. Kh3 g5 47.
hxg5 Bxg5 48. Rd1 Be7 49. Rg1 Kf7 50. Rd1 Kf6 51. Kg3 Kg6 52. f4 exf4+ 53. Kxf4 Kf6 54. Rh1 Kg6 55. Ke5 Rc8 56. Rg1+ Bg5 57. Kd6 Rd8+ 58. Kxc6 Rd4 59. Kxb5 Rxe4 60. Nc4 h4 61. c6 Re7 62.
Kb6 Kh5 63. c7 Re8 64. Kb7 Re7 65. Kc6 Re8 66. Nd6 Ra8 67. c8=Q Rxc8+ 68. Nxc8 h3 69. b5 h2 70. Rh1 Bf4 71. Nd6 Kg4 72. b6 Kh3 73. b7 1-0

[Event "*** Titled Tuesday Blitz"]
[Site "Chess.com"]
[Date "2020.11.24"]
[Round "11"]
[White "SerGo055"]
[Black "chessdjw"]
[Result "1-0"]
[WhiteElo "2524"]
[BlackElo "2647"]
[TimeControl "180+1"]
[EndTime "12:26:07 PST"]
[Termination "SerGo055 won by resignation"]

1. d4 Nf6 2. Nf3 g6 3. c4 Bg7 4.
Nc3 d5 5. e3 O-O 6. Qb3 dxc4 7.
Bxc4 c5 8. dxc5 Nbd7 9. Qa3 Qc7 10. O-O Qxc5 11. Qxc5 Nxc5 12. Nd2 a6 13. Nb3 Nce4 14. Nxe4 Nxe4 15. f3 Nd6 16. Be2 Be6 17. Nc5 Bd5 18.
Nd7 Rac8 19. Nxf8 Kxf8 20. e4 Be6 21. Kh1 h5 22. Bf4 Bxb2 23. Rab1 Nc4 24. Rfd1 Bf6 25.
Rxb7 Ne5 26. Bxa6 Ra8 27. Rb6 Bxa2 28. Bf1 Be6 29. Rdb1 Kg7 30. h3 h4 31. R6b5 Bc4 32. Bxe5 Bxb5 33. Bxf6+ exf6 34. Bxb5 Rb8 35. Bd3 Re8 36.
Bf1 Rd8 37. Kg1 g5 38. Rb5 Rd2 39. Rb8 Ra2 40. Rb7 Rc2 41. Kh2 Rd2 42. Bc4 Rc2 43. Bxf7 Kh6 44. Be6 g4 45. Bxg4 Kg5 46. Rg7+ Kf4 47. Rh7 Ke3 48. Rxh4 Kf2 49. Bf5 Kf1 50. Rg4 Kf2 51. h4 Rc7 52. h5 Rc6 53. h6 Rc7 54. h7 Rc8 55. Rg8 Rc7 56. h8=Q Rc1 57. Qh4+ Kf1 58.
Qf4 Rc2 59. Rg3 Re2 60. Be6 Rc2 61. Qxf6 Ra2 62. Bxa2 Kf2 63. Qd4+ Kf1 64. Bc4+ Ke1 65. Qe3+ 1-0

[Event "*** Titled Tuesday Blitz"]
[Site "Chess.com"]
[Date "2020.11.24"]
[Round "11"]
[White "Taktikmonster"]
[Black "elamier"]
[Result "0-1"]
[WhiteElo "2211"]
[BlackElo "2374"]
[TimeControl "180+1"]
[EndTime "12:26:08 PST"]
[Termination "elamier won by checkmate"]

1. e4 c5 2. Nf3 e6 3. d4 cxd4 4.
Nxd4 Nf6 5. Nc3 Nc6 6. Ndb5 Bb4 7.
a3 Bxc3+ 8. Nxc3 d5 9. exd5 exd5 10. Bd3 O-O 11. O-O d4 12. Ne2 Bg4 13. Bg5 Qd6 14.
h3 Bh5 15. Qd2 Bxe2 16. Qxe2 Rfe8 17. Qd2 Ne4 18. Bxe4 Rxe4 19. Rae1 Rae8 20. Rxe4 Rxe4 21. Re1 Qe5 22. Rxe4 Qxe4 23. Kf1 h6 24. Bf4 g5 25.
Bd6 Qd5 26. Bc7 Qb5+ 27. Qe2 Qxb2 28. Qe8+ Kg7 29. Be5+ Nxe5 30. Qxe5+ Kg6 31. Qe4+ Kf6 32. Qf3+ Kg7 33. Qe4 Qb5+ 34. Ke1 Qc5 35. Kd1 b5 36. g4 a5 37. Kd2 b4 38. axb4 Qxb4+ 39. Kd3 Qc3+ 40.
Ke2 Qc5 41. Kd3 Qc3+ 42. Ke2 Qc4+ 43. Kd2 a4 44. Qe5+ Kf8 45. Qd6+ Ke8 46. Qb8+ Kd7 47.
Qa7+ Kc6 48. Qa8+ Kc5 49. Qa5+ Qb5 50. Qc7+ Kb4 51. c3+ Kb3 52. Qxf7+ Kb2 53. cxd4 a3 54. d5 Qb4+ 55. Kd3 Qc3+ 56. Ke4 a2 57. Qb7+ Kc1 58. d6 a1=Q 59. d7 Qe5+ 60. Kf3 Qac3+ 61. Kg2 Qed4 62. Qc8 Qd5+ 63. Kf1 Qdc4+ 64. Qxc4 Qxc4+ 65. Kg2 Qd5+ 66. Kg3 Qxd7 67. f4 Qd3+ 68. Kg2 gxf4 69. h4 Qg3+ 70. Kf1 f3 71. g5 Qg2+ 72. Ke1 Qe2# 0-1